 Dungeon Crawl Stone Soup version 0.26-a0-1107-g6118521029 (webtiles) character file.

Game seed: 16998978109286930596

6991 robertstho the Whirler (level 11, 0/80 HPs)
             Began as a Halfling Hunter on Dec 16, 2020.
             Was a Priest of Okawaru.
             Slain by a yak (10 damage)
             ... on level 10 of the Dungeon.
             The game lasted 00:14:23 (9752 turns).

robertstho the Whirler (Halfling Hunter)            Turns: 9752, Time: 00:14:23

Health: 0/80       AC: 10    Str: 16    XL:     11   Next: 28%
Magic:  11/11      EV: 13    Int:  9    God:    Okawaru [***...]
Gold:   463        SH:  0    Dex: 16    Spells: 10/10 levels left

rFire    . . .     SeeInvis .   I - +4 trident (venom)
rCold    + . .     Faith    .   (shield currently unavailable)
rNeg     . . .     Spirit   .   D - +0 scale mail {rF+}
rPois    .         Reflect  .   j - +0 helmet
rElec    .         Harm     .   H - +0 cloak
rCorr    .         Rampage  .   (no gloves)
Will     .....                  p - +0 pair of boots
Stlth    +.........             (no amulet)
HPRegen  0.23/turn              w - ring of ice
MPRegen  0.12/turn              t - ring of flight

@: no status effects
A: small, mutation resistance 1
a: Heroism, Renounce Religion, Evoke Flight


You were on level 10 of the Dungeon.
You worshipped Okawaru.
Okawaru was most pleased with you.
You visited 2 branches of the dungeon, and saw 11 of its levels.

You collected 463 gold pieces.

Inventory:

Hand Weapons
 a - a +1 hunting sling
 b - a +0 short sword
 C - a +2 flail of protection
 I - a +4 trident of venom (weapon)
Missiles
 d - 91 sling bullets
 i - 203 stones (quivered ammo)
 P - 8 curare-tipped darts
Armour
 j - a +0 helmet (worn)
 m - a +0 kite shield
 p - a +0 pair of boots (worn)
 v - a +0 plate armour
 D - a +0 scale mail of fire resistance (worn)
 H - a +0 cloak (worn)
Jewellery
 t - a ring of flight (right hand)
 w - a ring of ice (left hand)
 L - an uncursed ring of willpower {unknown}
 Q - an uncursed amulet of magic regeneration {unknown}
Wands
 l - a wand of acid (1)
 o - a wand of iceblast (6)
 E - a wand of paralysis (7)
 N - a wand of polymorph (6)
Scrolls
 f - 2 scrolls of random uselessness {unknown}
 h - a scroll of remove curse
 q - 3 scrolls of fog {unknown}
 r - 4 scrolls of teleportation {unknown}
 x - 3 scrolls of noise {unknown}
 y - 2 scrolls of enchant armour {unknown}
 z - 2 scrolls of vulnerability {unknown}
 F - 2 scrolls of magic mapping {unknown}
 G - a scroll of fear {unknown}
 J - 2 scrolls of immolation {unknown}
 K - 2 scrolls of amnesia
 O - 3 scrolls of enchant weapon {unknown}
Potions
 c - 2 potions of berserk rage
 e - 2 potions of brilliance
 g - 2 potions of haste {unknown}
 k - 6 potions of curing {unknown}
 n - 4 potions of flight {unknown}
 s - 2 potions of mutation
 u - 2 potions of heal wounds
 A - a potion of lignification {unknown}
 B - a potion of attraction {unknown}
 M - a potion of might {unknown}


   Skills:
 * Level 9.4 Fighting
 + Level 3.1 Polearms
 * Level 15.8 Slings
 + Level 4.6 Armour
 + Level 3.1 Dodging
 + Level 1.3 Stealth
 + Level 2.9 Shields
 + Level 0.9 Invocations
 + Level 1.1 Evocations


You had 10 spell levels left.
You didn't know any spells.
Your spell library contained the following spells:

 Spells                   Type           Power        Failure   Level
 Animate Skeleton         Necr           #.....       80%         1
 Apportation              Tloc           #.....       80%         1
 Corona                   Hex            #......      80%         1
 Summon Small Mammal      Summ           #...         80%         1


Dungeon Overview and Level Annotations

Branches:
Dungeon (10/15)            Temple (1/1) D:7            Lair (0/6) D:8
    Orc: D:9-12

Altars:
Ashenzari
Dithmenos
Elyvilon
Fedhas
Gozag
Hepliaklqana
Kikubaaqudgha
Makhleb
Nemelex Xobeh
Okawaru
Sif Muna
Trog
Vehumet
Xom
Yredelemnul
The Shining One


Innate Abilities, Weirdness & Mutations

You are small and have problems with some larger weapons.
You are somewhat resistant to further mutation.


Message History

The yak is almost dead.
You kill the yak!
Okawaru accepts your kill.
Your life force feels restored.
You puncture the yak!
The yak looks as sick as possible!
The yak is heavily wounded.
The yak gores you but does no damage. The yak misses you.
You hit the yak but do no damage.
The yak looks as sick as possible!
The yak is heavily wounded.
The yak barely misses you. The yak gores you!
You puncture the yak!
The yak looks as sick as possible!
The yak is moderately wounded.
The yak gores you!
* * * LOW HITPOINT WARNING * * *
The yak gores you.
* * * LOW HITPOINT WARNING * * *
Your scale mail prevents you from hitting the yak.
The yak is moderately wounded.
The yak gores you!
You die...

.......# #.... .......# .......#
+.... ......#####
.......#.....#.... ..........
..>....#.....#...####+##.........
......[#.....#...#.....#.........
.......#.....#...#....>#.........
.......#.....#...#.....#.........
.......#.....#..YY.....+.........
.......#.....#..@#.....###.......
.......#....)))..#......†'......#
.......#.....#...#.......#......#
.......#.....#...#.......#......#
.......#.....#...#########......#
.......##'####..... .......#
.................... .......#
......###............ .......#
####### #######....[. #######


You could see 2 yaks.

Vanquished Creatures
  Erolcha (D:9)
  A two-headed ogre (D:9)
  An unseen horror (D:10)
  An ugly thing (D:10)
  A troll (D:9)
  A wyvern (D:9)
  2 yaks (D:10)
  Edmund (D:6)
  A water moccasin (D:7)
  2 orc warriors
  A black bear (D:7)
  2 ice beasts
  6 ogres
  A phantom (D:5)
  2 centaurs (D:6)
  2 big kobolds
  3 bullfrogs
  A gnoll sergeant (D:7)
  6 scorpions
  5 wights (D:10)
  A howler monkey (D:9)
  3 centaur zombies
  A jelly (D:9)
  A bullfrog zombie (D:7)
  2 centaur skeletons
  5 hounds
  2 orc wizards
  Natasha (twice) (D:4)
  2 bullfrog skeletons
  An iguana (D:4)
  9 worker ants
  A killer bee zombie (D:6)
  3 hound skeletons
  8 gnolls
  3 howler monkey skeletons
  9 adders
  2 shadow imps
  3 white imps
  4 ufetubi
  An adder skeleton (D:9)
  An adder zombie (D:8)
  2 worms
  3 dart slugs
  2 leopard geckos
  14 orcs
  5 giant cockroaches
  10 goblins
  11 hobgoblins
  4 jackals (D:3)
  4 quokkas
  3 ball pythons
  8 bats
  4 frilled lizards
  17 kobolds
  7 rats
199 creatures vanquished.

Notes
Turn   | Place    | Note
-------+----------+-------------------------------------------
     0 | D:1      | robertstho the Halfling Hunter began the quest for the Orb.
     0 | D:1      | Reached XP level 1. HP: 14/14 MP: 1/1
    29 | D:1      | Reached skill level 6 in Slings
   147 | D:1      | Reached XP level 2. HP: 19/19 MP: 2/2
   467 | D:1      | Reached XP level 3. HP: 24/24 MP: 3/3
   483 | D:1      | Reached skill level 7 in Slings
  1062 | D:2      | Reached XP level 4. HP: 29/29 MP: 4/4
  1188 | D:2      | Found a burning altar of Makhleb.
  1188 | D:2      | Found a shimmering altar of Xom.
  1582 | D:3      | Noticed a bullfrog
  1587 | D:3      | Killed a bullfrog
  1588 | D:3      | Reached skill level 8 in Slings
  1588 | D:3      | Reached XP level 5. HP: 35/35 MP: 5/5
  2018 | D:3      | Found a glowing drain.
  2090 | D:3      | Reached XP level 6. HP: 39/41 MP: 6/6
  2130 | D:3      | Reached skill level 9 in Slings
  2426 | D:4      | Noticed an ogre
  2429 | D:4      | Killed an ogre
  2449 | D:4      | Reached skill level 10 in Slings
  2449 | D:4      | Reached skill level 1 in Armour
  2449 | D:4      | Reached XP level 7. HP: 46/46 MP: 7/7
  2717 | D:4      | Noticed Natasha
  2726 | D:4      | Killed Natasha
  2783 | D:4      | Noticed Natasha
  2796 | D:4      | Killed Natasha
  2797 | D:4      | Reached skill level 1 in Shields
  2996 | D:4      | Reached skill level 11 in Slings
  3098 | D:5      | Entered Level 5 of the Dungeon
  3127 | D:5      | Reached XP level 8. HP: 39/54 MP: 8/8
  3716 | D:5      | Found a white marble altar of Elyvilon.
  3865 | D:6      | Reached skill level 12 in Slings
  4320 | D:6      | Noticed Edmund
  4339 | D:6      | Killed Edmund
  4394 | D:6      | Reached skill level 5 in Fighting
  4407 | D:6      | Reached XP level 9. HP: 22/61 MP: 9/9
  4430 | D:6      | Reached skill level 13 in Slings
  4711 | D:6      | Found a bloodstained altar of Trog.
  5546 | D:7      | Found a staircase to the Ecumenical Temple.
  5599 | Temple   | Entered the Ecumenical Temple
  5650 | Temple   | Became a worshipper of Warmaster Okawaru
  6553 | D:7      | Reached * piety under Okawaru
  7076 | D:8      | Reached skill level 1 in Polearms
  7477 | D:8      | Reached XP level 10. HP: 69/69 MP: 10/10
  7556 | D:8      | Found a staircase to the Lair.
  7857 | D:9      | Reached skill level 14 in Slings
  7899 | D:9      | Noticed a two-headed ogre
  7905 | D:9      | Noticed Erolcha
  8193 | D:9      | Reached ** piety under Okawaru
  8488 | D:9      | Killed Erolcha
  8489 | D:9      | Reached skill level 15 in Slings
  8666 | D:9      | Killed a two-headed ogre
  9119 | D:10     | Entered Level 10 of the Dungeon
  9186 | D:10     | Killed an unseen horror
  9186 | D:10     | Reached *** piety under Okawaru
  9187 | D:10     | Reached XP level 11. HP: 30/80 MP: 11/11
  9246 | D:10     | Noticed a red ugly thing
  9253 | D:10     | Killed a red ugly thing
  9735 | D:10     | Reached skill level 1 in Evocations
  9752 | D:10     | Slain by a yak

Illustrated notes

Levels and vault maps discovered:
D:1:      dpeg_arrival_stone_temple_mockup, layout_loops_corners
D:2:      layout_rooms, chequers_temple_overflow_statue_of_worship
D:3:      layout_basic, portal_sewer_entry_a
D:4:      layout_basic, st_stairs_3, uniq_natasha
D:5:      layout_rooms, elyvilon_altar_5
D:6:      layout_loops_ring, nicolae_overflow_crystal_walls,
          minmay_misc_feat_rows, uniq_edmund
D:7:      layout_basic, minmay_temple_entry_hall, serial_rivers,
          chequers_serial_rivers_micro_d, chequers_serial_rivers_large_a,
          chequers_serial_rivers_marsh, chequers_serial_rivers_micro_b
D:8:      layout_loops_ring, lair_entry_dummy
D:9:      layout_rooms, nicolae_overflow_hidden_temple, serial_aquarium,
          aquarium_bridge_square [aquarium_subvault_bridge,
          aquarium_subvault_bridge, aquarium_subvault_bridge,
          aquarium_subvault_wall], aquarium_window_corner, aquarium_window_fake,
          aquarium_window_corridor_2, aquarium_window_corner, aquarium_view_2b,
          aquarium_pool_corner, uniq_erolcha
D:10:     layout_irregular_city, orc_0_dummy, st_stairs_14, chequers_garden
Temple:   regret_index_temple_mists

Skill      XL: |  1  2  3  4  5  6  7  8  9 10 11 |
---------------+----------------------------------+-----
Slings         | 6 7 8 10 11 12 13 15 | 15.8
Fighting       | 2 3 5 6 9 |  9.4
Armour         | 1 2 4 |  4.6
Shields        | 1 2 |  2.9
Polearms       | 2 3 |  3.1
Dodging        | 3 |  3.1
Evocations     | 1 |  1.1
Stealth        | |  1.3
Invocations    | |  0.9

Action                   |  1- 3 |  4- 6 |  7- 9 | 10-12 || total
-------------------------+-------+-------+-------+-------++-------
Melee: Trident           |       |       |    46 |    82 ||   128
 Fire: Hunting sling     |   101 |   156 |   486 |   188 ||   931
Invok: Heroism           |       |       |       |     5 ||     5
Evoke: Wand              |       |       |     9 |     9 ||    18
  Use: Scroll            |       |     6 |     1 |       ||     7
       Potion            |       |       |       |     2 ||     2
Armor: Leather armour    |     2 |       |       |       ||     2
       Ring mail         |    10 |     3 |       |       ||    13
       Plate armour      |       |    21 |    50 |       ||    71
       Scale mail        |       |       |    34 |    65 ||    99
Dodge: Dodged            |    21 |     8 |    55 |   119 ||   203
Block: Kite shield       |    10 |    20 |    66 |       ||    96

Table legend: (Time is in decaauts)
 A = Elapsed time spent in this place.
 B = Non-inter-level travel time spent in this place.
 C = Inter-level travel time spent in this place.
 D = Time resting spent in this place.
 E = Time spent auto-exploring this place.
 F = Levels seen in this place.
 G = Mean time per level.
                   A        B        C        D        E       F      G
               +--------+--------+--------+--------+--------+-----+--------+
         Total |   9549 |   9202 |    347 |    134 |   7570 |  11 |  868.1 |
       Dungeon |   9459 |   9134 |    325 |    134 |   7514 |  10 |  945.9 |
        Temple |     89 |     67 |     22 |      0 |     55 |   1 |   89.0 |
               +--------+--------+--------+--------+--------+-----+--------+

Top non-repeatable levels by time:
     D:7: 1512 daAuts
     D:6: 1357 daAuts
     D:9: 1126 daAuts
     D:8: 1062 daAuts
     D:3: 904 daAuts
     D:1: 878 daAuts
     D:5: 709 daAuts
     D:4: 648 daAuts
    D:10: 637 daAuts
     D:2: 621 daAuts
  Temple: 89 daAuts
